 Dungeon Crawl Stone Soup version 0.23.2-30-g0e89c35649 (webtiles) character file.

Game seed: 15502130687847847184

14951 Folque the Geomancer (level 11, -1/89 HPs)
             Began as a Grey Draconian Earth Elementalist on June 21, 2019.
             Was an Elder of Sif Muna.
             Succumbed to barbed spike wounds
             ... on level 12 of the Dungeon.
             The game lasted 01:13:12 (14520 turns).

Folque the Geomancer (DrEE)                        Turns: 14520, Time: 01:13:12

Health: -1/89      AC: 15    Str: 11    XL:     11   Next: 95%
Magic:  17/23      EV: 20    Int: 18    God:    Sif Muna [****..]
Gold:   576        SH:  0    Dex: 17    Spells: 7/26 levels left

rFire    x . .     SeeInvis .   w - +4 halberd
rCold    + . .     Gourm    .   (shield currently unavailable)
rNeg     . . .     Faith    .   (armour unavailable)
rPois    .         Spirit   .   (helmet restricted)
rElec    .         Reflect  .   h - +2 cloak
rCorr    .         Harm     .   (no gloves)
MR       .....                  (no boots)
Stlth    +++++.....             (no amulet)
HPRegen  0.24/turn              p - ring of wizardry
MPRegen  0.18/turn              f - ring of ice

@: agile, barbed spikes, very slightly contaminated, divine energy
A: walk through water, unfitting armour, unbreathing, cold-blooded, AC +12
a: Stop Divine Energy, Channel Magic, Forget Spell, Renounce Religion


You were on level 12 of the Dungeon.
You worshipped Sif Muna.
Sif Muna was greatly pleased with you.
You were hungry.

You visited 2 branches of the dungeon, and saw 13 of its levels.
You also visited: Ossuary.

You collected 576 gold pieces.

Inventory:

Hand Weapons
 a - a +0 dagger
 t - a +0 blowgun
 w - a +4 halberd (weapon)
Missiles
 b - 134 stones (quivered)
 r - 17 poisoned needles
Armour
 h - a +2 cloak (worn)
Jewellery
 f - a ring of ice (right hand)
 k - an uncursed ring of fire
 p - a ring of wizardry (left hand)
 s - the ring "Ydeitir" {rC- EV+5 Str+4}
   (You took it off a gnoll on level 5 of the Dungeon)

   [ring of evasion]

   It affects your evasion (+5).
   It affects your strength (+4).
   It makes you vulnerable to cold.
 K - a +5 ring of protection {unknown}
 N - an uncursed amulet of guardian spirit {unknown}
Wands
 B - a wand of clouds (6)
 C - a wand of paralysis (7)
 F - a wand of flame (16)
 J - a wand of iceblast (23)
 L - a wand of digging (4)
Scrolls
 d - 3 scrolls of amnesia
 e - 3 scrolls of magic mapping
 j - 7 scrolls of identify
 m - 5 scrolls of remove curse
 n - a scroll of immolation
 q - 2 scrolls of fog {unknown}
 v - 3 scrolls of teleportation
 y - a scroll of enchant armour {unknown}
 A - a scroll of summoning {unknown}
 G - a scroll of noise {unknown}
 H - 2 scrolls of enchant weapon {unknown}
 I - a scroll of brand weapon {unknown}
 M - a scroll of blinking
 O - a scroll of torment {unknown}
 T - 2 scrolls of random uselessness {unknown}
Potions
 g - a potion of brilliance
 l - a potion of berserk rage {unknown}
 o - a potion of mutation {unknown}
 u - a potion of invisibility {unknown}
 x - 2 potions of might {unknown}
 z - a potion of curing {unknown}
 E - a potion of haste {unknown}
 S - a potion of resistance
Miscellaneous
 Q - a phial of floods
Comestibles
 c - 15 rations


   Skills:
 - Level 6.1 Fighting
 - Level 4.0 Short Blades
 - Level 5.0 Dodging
 - Level 7.1 Stealth
 + Level 8.3 Spellcasting
 - Level 4.3 Conjurations
 - Level 5.0 Summonings
 - Level 5.0 Transmutations
 + Level 1.2 Ice Magic
 - Level 11.0 Earth Magic
 * Level 5.7 Invocations


You had 7 spell levels left.
You knew the following spells:

 Your Spells              Type           Power        Failure   Level  Hunger
a - Sandblast             Erth           #####.       1%          1    None
b - Passwall              Tmut/Erth      #####...     1%          2    None
c - Stone Arrow           Conj/Erth      #####.       1%          3    None
d - Lee's Rapid Deconstr  Erth           #####.....   1%          5    #####..
e - Petrify               Tmut/Erth      #####...     1%          4    ###....
f - Summon Ice Beast      Ice/Summ       ####....     11%         4    ###....

Your spell library contained the following spells:

 Spells                   Type           Power        Failure   Level  Hunger
 Flame Tongue             Conj/Fire      ###..        1%          1    None
 Summon Small Mammal      Summ           ####         1%          1    None
 Call Imp                 Summ           ####....     1%          2    None
 Call Canine Familiar     Summ           ####....     1%          3    None
 Throw Flame              Conj/Fire      ###...       2%          2    None
 Infusion                 Chrm           #...         4%          1    None
 Conjure Flame            Conj/Fire      ###.....     4%          3    None
 Summon Guardian Golem    Hex/Summ       ###.....     4%          3    None
 Shroud of Golubria       Chrm/Tloc      #.........   6%          2    None
 Song of Slaying          Chrm           #.......     6%          2    None
 Inner Flame              Hex/Fire       #.......     12%         3    None
 Regeneration             Chrm/Necr      #.........   12%         3    None
 Spectral Weapon          Hex/Chrm       #.......     12%         3    None
 Summon Lightning Spire   Summ/Air       ###.....     13%         4    ###....
 Sticky Flame             Conj/Fire      ###.....     16%         4    ###....
 Fireball                 Conj/Fire      ###.......   38%         5    #####..


Dungeon Overview and Level Annotations

Branches:
Dungeon (12/15)            Temple (1/1) D:5            Lair (0/6) D:8
    Orc (0/2) D:12

Altars:
Ashenzari
Cheibriados
Dithmenos
Elyvilon
Fedhas
Gozag
Hepliaklqana
Kikubaaqudgha
Makhleb
Nemelex Xobeh
Okawaru
Qazlal
Ru
Sif Muna
Trog
Uskayaw
Vehumet
Wu Jian
Xom
Yredelemnul
Zin
The Shining One

Annotations:
D:4 1 exclusion
D:12 Sonja


Innate Abilities, Weirdness & Mutations

You can walk through water.
Your dull iron-grey scales are very hard. (AC +12)
You cannot fit into any form of body armour.
You can survive without breathing.
You are cold-blooded and may be slowed by cold attacks.


Message History

A goblin comes into view. It is wielding a +0 spear.
The goblin shouts!
A wyvern comes into view.
The goblin barely misses you. The orc barely misses you.
You hear a shout!
As you read the scroll of teleportation, it crumbles to dust.
You feel strangely unstable. The goblin misses you.
The orc hits you from afar with a +0 spear.
* * * LOW HITPOINT WARNING * * *
The gnoll barely misses you.
It was a potion of magic.
Magic courses through your body. The wyvern bites you!
* * * LOW HITPOINT WARNING * * *
The goblin closely misses you. The orc closely misses you.
The gnoll closely misses you. The wyvern closely misses you.
It was a potion of agility.
You feel agile all of a sudden.
Your surroundings suddenly seem different.
The barbed spikes dig painfully into your body as you move.
You die...

. ..
###.#####
........####
#......§Y.
#####
#######K##
#@..### #..#
##....# ##.#
#....# #.#
####..# #.#
#...## ###.#
#....####...#
#.#...(#.###
#.##...§.# .
#.))†#§###


There were no monsters in sight!

Vanquished Creatures
  Harold (D:9)
  4 two-headed ogres
  An unseen horror (D:11)
  A cyclops (D:11)
  An ugly thing (D:11)
  A komodo dragon (D:11)
  3 trolls
  4 polar bears (D:8)
  2 slime creatures
  Prince Ribbit (D:9)
  3 yaks
  A shadow (D:11)
  A wyvern (D:10)
  A human (D:7)
  3 hogs (D:7)
  A steam dragon (D:11)
  Edmund (D:4)
  Menkaure (D:4)
  A black bear (D:9)
  3 sky beasts
  An orc warrior (D:10)
  A necrophage (D:9)
  6 ice beasts
  10 centaurs
  6 ogres
  A big kobold (D:10)
  Blork the orc (D:4)
  5 bullfrogs
  A gnoll sergeant (D:11)
  A scorpion (D:11)
  A water moccasin skeleton (D:11)
  A howler monkey (D:6)
  An electric eel (D:8)
  2 crimson imps
  3 bullfrog zombies
  3 centaur zombies
  5 hounds
  4 jellies
  10 orc priests
  2 bullfrog skeletons
  2 centaur skeletons
  11 orc wizards
  5 iguanas
  9 worker ants
  A centaur simulacrum (D:8)
  A hound skeleton (D:9)
  5 mummies (Ossuary)
  3 howler monkey zombies
  5 worker ant zombies
  16 gnolls
  11 adders
  4 shadow imps
  A white imp (D:8)
  2 ufetubi (D:8)
  2 oozes (D:6)
  3 adder skeletons
  An adder zombie (D:8)
  A worm (D:2)
  An adder simulacrum (D:8)
  2 dart slugs
  5 leopard geckos
  53 orcs
  8 bats
  4 giant cockroaches
  7 goblins
  8 hobgoblins
  12 jackals
  9 kobolds
  2 quokkas (D:8)
  2 ball pythons
  3 frilled lizards
  A leopard gecko zombie (D:6)
  10 rats
310 creatures vanquished.

Vanquished Creatures (collateral kills)
  A hydra (D:12)
  An unseen horror (D:11)
  A centaur skeleton (D:12)
  A slime creature (D:11)
  A wraith (D:11)
  A hungry ghost (D:11)
  A worker ant (D:12)
  An orc (D:12)
8 creatures vanquished.

Grand Total: 318 creatures vanquished

Notes
Turn   | Place    | Note
-------+----------+-------------------------------------------
     0 | D:1      | Folque the Draconian Earth Elementalist began the quest for
                  | the Orb.
     0 | D:1      | Reached XP level 1. HP: 14/14 MP: 3/3
    44 | D:1      | Reached skill level 1 in Fighting
    46 | D:1      | Reached XP level 2. HP: 8/23 MP: 0/5
    53 | D:1      | Learned a level 2 spell: Passwall
   594 | D:1      | Reached XP level 3. HP: 25/29 MP: 6/6
   618 | D:1      | Learned a level 3 spell: Stone Arrow
  1182 | D:2      | Reached skill level 1 in Conjurations
  1588 | D:2      | Reached XP level 4. HP: 36/36 MP: 2/7
  2289 | D:3      | Reached XP level 5. HP: 39/41 MP: 0/9
  2620 | D:3      | Reached skill level 4 in Earth Magic
  2627 | D:3      | Learned a level 5 spell: Lee's Rapid Deconstruction
  3334 | D:4      | Noticed Edmund
  3390 | D:4      | Noticed Menkaure
  3502 | D:4      | Noticed Blork the orc
  3517 | D:4      | Killed Blork the orc
  3517 | D:4      | Reached XP level 6. HP: 25/48 MP: 0/12
  3757 | D:4      | Killed Menkaure
  3757 | D:4      | Reached skill level 5 in Spellcasting
  3757 | D:4      | Reached skill level 5 in Earth Magic
  3757 | D:4      | Your scales start taking on a dull iron-grey colour.
  3757 | D:4      | Reached skill level 6 in Earth Magic
  3757 | D:4      | Reached XP level 7. HP: 55/55 MP: 6/14
  3757 | D:4      | Gained mutation: You can survive without breathing. [Grey
                  | Draconian growth]
  3825 | D:4      | Killed Edmund
  4213 | D:5      | Entered Level 5 of the Dungeon
  4222 | D:4      | Reached skill level 7 in Earth Magic
  4349 | D:5      | Learned a level 4 spell: Petrify
  4426 | D:5      | Reached XP level 8. HP: 56/61 MP: 7/15
  4445 | D:5      | Found a sand-covered staircase.
  4450 | D:5      | Reached skill level 8 in Earth Magic
  4457 | Ossuary  | Entered an ossuary
  4658 | D:5      | Found a staircase to the Ecumenical Temple.
  4683 | Temple   | Entered the Ecumenical Temple
  4870 | Temple   | Became a worshipper of Sif Muna the Loreminder
  4921 | D:5      | Identified the ring "Ydeitir" {rC- EV+5 Str+4}
  5475 | D:6      | Found a shimmering altar of Xom.
  5476 | D:6      | Found a shimmering altar of Xom.
  5476 | D:6      | Found a shimmering altar of Xom.
  5477 | D:6      | Found a shimmering altar of Xom.
  5596 | D:6      | Found a shimmering altar of Xom.
  5599 | D:6      | Found a shimmering altar of Xom.
  5891 | D:7      | Reached * piety under Sif Muna
  5947 | D:7      | Reached skill level 9 in Earth Magic
  6376 | D:7      | Found an opulent altar of Gozag.
  6725 | D:7      | Reached XP level 9. HP: 41/70 MP: 7/16
  7064 | D:8      | Noticed a two-headed ogre
  7406 | D:8      | Noticed a polar bear
  7431 | D:8      | Killed a polar bear
  7776 | D:8      | Found a staircase to the Lair.
  7789 | D:8      | Noticed a polar bear
  7798 | D:8      | Noticed a polar bear
  7802 | D:8      | Reached skill level 5 in Dodging
  7802 | D:8      | Reached skill level 5 in Transmutations
  7802 | D:8      | Noticed a polar bear
  7807 | D:8      | Reached skill level 10 in Earth Magic
  7968 | D:8      | Killed a polar bear
  7968 | D:8      | Reached ** piety under Sif Muna
  8381 | D:8      | Killed a polar bear
  8388 | D:8      | Reached XP level 10. HP: 80/80 MP: 0/17
  8705 | D:8      | Killed a two-headed ogre
  8705 | D:8      | Reached skill level 5 in Fighting
  8705 | D:8      | Reached skill level 5 in Stealth
  9010 | D:8      | Noticed a two-headed ogre
  9026 | D:8      | Killed a two-headed ogre
  9149 | D:9      | Noticed a two-headed ogre
  9183 | D:8      | Killed a two-headed ogre
  9533 | D:9      | Noticed Prince Ribbit
  9553 | D:9      | Killed Prince Ribbit
  9864 | D:9      | Noticed Harold
  9881 | D:9      | Learned a level 4 spell: Summon Ice Beast
  9912 | D:9      | Killed Harold
  9912 | D:9      | Reached skill level 1 in Summonings
 10324 | D:9      | Reached XP level 11. HP: 89/89 MP: 16/20
 10584 | D:10     | Entered Level 10 of the Dungeon
 10890 | D:10     | Reached *** piety under Sif Muna
 11675 | D:11     | Killed an unseen horror
 12166 | D:11     | Reached skill level 5 in Summonings
 12353 | D:11     | Noticed a purple ugly thing
 12388 | D:11     | Killed a purple ugly thing
 12388 | D:11     | Reached skill level 1 in Invocations
 12727 | D:12     | Noticed Sonja
 12894 | D:11     | Killed an unseen horror
 12894 | D:11     | Reached skill level 11 in Earth Magic
 13190 | D:12     | Noticed a four-headed hydra
 13875 | D:12     | Noticed a green ugly thing
 14007 | D:12     | Found a staircase to the Orcish Mines.
 14014 | D:12     | Reached **** piety under Sif Muna
 14138 | D:12     | Noticed a deep elf mage
 14154 | D:12     | Killed a four-headed hydra
 14154 | D:12     | Reached skill level 5 in Invocations
 14222 | D:12     | Noticed a white ugly thing
 14381 | D:12     | Noticed a two-headed ogre
 14396 | D:12     | Killed a two-headed ogre
 14396 | D:12     | Reached skill level 1 in Ice Magic
 14513 | D:12     | Noticed a soul eater
 14518 | D:12     | HP: 4/89 [wyvern (9)]
 14520 | D:12     | Succumbed to barbed spike wounds

Skill      XL: |  1  2  3  4  5  6  7  8  9 10 11 |
---------------+----------------------------------+-----
Fighting       | 1 2 3 4 6 |  6.1
Conjurations   | 1 2 3 4 |  4.3
Spellcasting   | 3 4 5 6 8 |  8.3
Earth Magic    | 4 6 7 9 10 11 | 11.0
Dodging        | 2 4 5 |  5.0
Transmutations | 3 5 |  5.0
Stealth        | 4 7 |  7.1
Short Blades   | 4 |  4.0
Summonings     | 2 5 |  5.0
Invocations    | 5 |  5.7
Ice Magic      | 1 |  1.2

Action                   |  1- 3 |  4- 6 |  7- 9 | 10-12 || total
-------------------------+-------+-------+-------+-------++-------
Melee: Dagger            |   186 |   133 |     5 |    67 ||   391
       Tailslap          |    12 |    16 |    16 |    23 ||    67
       Halberd           |       |     9 |   202 |   205 ||   416
 Fire: Blowgun           |       |       |     5 |       ||     5
 Cast: Sandblast         |    17 |    33 |    38 |    45 ||   133
       Passwall          |     1 |       |     2 |     1 ||     4
       Stone Arrow       |     4 |    22 |    43 |    47 ||   116
       Lee's Rapid Decon |       |       |    20 |    34 ||    54
       Petrify           |       |       |    20 |    40 ||    60
       Summon Ice Beast  |       |       |       |    36 ||    36
Invok: Divine Energy     |       |       |     1 |       ||     1
Evoke: Wand              |       |       |     1 |       ||     1
  Use: Scroll            |     2 |     3 |     3 |     8 ||    16
       Potion            |       |       |     4 |     6 ||    10
 Stab: Sleeping          |     6 |     3 |     3 |     3 ||    15
       Petrified         |       |       |    13 |    51 ||    64
       Distracted        |       |       |       |     1 ||     1
  Eat: Chunk             |     3 |     9 |    22 |    18 ||    52
       Ration            |       |       |     1 |     7 ||     8
Armor: Skin              |    76 |    60 |   133 |   169 ||   438
Dodge: Dodged            |   164 |   124 |   183 |   235 ||   706
